Map: Beckett Industries LE

Players

Throwfordays - Winner!

  • Race: Terran Terran
  • League: Gold

FeralUmbreon

  • Race: Zerg Zerg

VOD

Have the link to the VOD?

Description

Time

  • Played on: Aug. 27, 2021, 8:57 p.m.
  • Length: 6:20
Show
View Real Time Build Order
Export as new Build Order

Throwfordays Terran - Winner!

Build Orders:  

Get SALT Encoding   

  12  0:00  SCV  
  13  0:15  Supply Depot  
  13  0:17  SCV  
  14  0:25  Refinery  
  14  0:29  SCV  
  15  0:41  Barracks  
  15  0:46  SCV  
  16  0:58  SCV  
  16  1:03  Supply Depot  
  17  1:14  SCV  
  18  1:24  Barracks  
  18  1:28  Reaper  
  18  1:29  SCV  
  20  1:41  SCV  
  21  1:47  Barracks  
  21  1:53  SCV  
  22  1:57  Refinery  
  22  2:00  Reaper  
  23  2:08  SCV  
  24  2:12  Reaper  
  25  2:36  Reaper x2  
  27  2:44  SCV  
  27  2:48  Reaper  
  27  2:50  Supply Depot  
  29  2:56  SCV  
  30  3:08  Reaper  
  30  3:11  Reaper  
  32  3:25  Reaper  
  33  3:27  Supply Depot  
  33  3:30  Supply Depot  
  30  3:51  Reaper x2  
  32  3:57  Reaper  
  33  4:23  Reaper x2  
  35  4:29  Reaper  
  36  4:55  Reaper x2  
  36  5:01  Reaper  
  37  5:33  Barracks Reactor  
  34  5:41  Barracks Reactor  
  34  5:43  Marine  
  35  5:56  Command Center  
  35  6:01  Marine  
Show
View Real Time Build Order
Export as new Build Order

FeralUmbreon Zerg 

Build Orders: Pool First 

Get SALT Encoding   

  12  0:06  Drone  
  13  0:09  Drone  
  14  0:17  Overlord  
  14  0:37  Spawning Pool  
  14  0:39  Drone  
  14  0:41  Drone  
  15  0:46  Drone  
  16  1:05  Extractor  
  15  1:21  Hatchery  
  15  1:22  Drone x3  
  17  1:33  Queen  
  19  1:46  Drone  
  19  1:47  Drone  
  21  2:06  Zergling x2  
  21  2:08  Overlord  
  22  2:22  Spine Crawler  
  20  2:41  Drone  
  20  2:43  Queen  
  23  2:48  Spine Crawler  
  23  2:49  Drone  
  23  2:50  Drone  
  24  2:52  Drone x4  
  24  2:55  Overlord  
  27  3:06  Zergling x4  
  27  3:10  Zergling x2  
  28  3:22  Zergling x8  
  28  3:25  Metabolic Boost  
  30  3:33  Drone x2  
  29  3:51  Queen  
  31  4:01  Roach Warren  
  30  4:03  Drone x5  
  30  4:09  Zergling x4  
  37  4:10  Zergling x2  
  33  4:27  Zergling x6  
  31  4:42  Queen  
  31  4:45  Roach  
  35  4:49  Roach x2  
  35  4:50  Roach  
  38  4:55  Lair  
  36  5:03  Spine Crawler  
  28  5:24  Zergling x2  
  28  5:25  Zergling x4  
  25  5:40  Zergling x4  
  25  5:41  Zergling x6  
  28  5:44  Roach  
  32  5:52  Drone x3  
  32  5:55  Drone  
Tags
 
Add a new tag
Caveats
  • Supply blocks, unpowered buildings, or Contaminate may cause inaccurate times.
  • Supply counts are checked every 10 seconds.